[Event "Titled Tuesday Blitz November 08 Early 2022"]
[White "Korelskiy, Egor"]
[Black "Mohamed, Saeed Laily"]
[WhiteFideId "34329064"]
[BlackFideId "9314946"]
[WhiteElo "2043"]
[BlackElo "1874"]
[Result "1/2-1/2"]
[Round "01"]
[TimeControl "180+1"]
[Date "2022.11.09"]
[WhiteClock "0:00:04"]
[BlackClock "0:00:03"]

1. e4 c6 2. Nc3 d5 3. Nf3 dxe4 4. Nxe4 Nf6 5. Qe2 Nxe4 6. Qxe4 Qd5 7. Qe3 Qe6 8. b3 Qxe3+ 9. fxe3 Bf5 10. Bb2 e6 11. d3 Nd7 12. e4 Bg6 13. O-O-O O-O-O 14. Be2 f6 15. Rhf1 e5 16. Nh4 Bc5 17. Nxg6 hxg6 18. h3 Nf8 19. c3 Be3+ 20. Kc2 Kc7 21. Bg4 Bb6 22. d4 exd4 23. cxd4 Nd7 24. Bc3 Rhe8 25. Rfe1 Nf8 26. d5 cxd5 27. exd5 Rxe1 28. Rxe1 Bc5 29. Bf3 g5 30. b4 Bd6 31. Kb3 Ng6 32. Rc1 Kd7 33. Bd4 Ne5 34. Be4 b6 35. Bf5+ Ke7 36. Be6 Ng6 37. a4 Nf4 38. Re1 Nxe6 39. Rxe6+ Kd7 40. a5 bxa5 41. bxa5 a6 42. Bb6 Rc8 43. Re2 Rc1 44. Bd4 Rb1+ 45. Ka2 Rb5 46. Bc3 Rxd5 47. Rb2 Be5 48. Rb7+ Kc6 49. Rb6+ Kc7 50. Bxe5+ Rxe5 51. Rxa6 Kb7 52. Rb6+ Kc7 53. Ra6 Kb7 54. Rb6+ Kc7 55. Ra6 1/2-1/2


[Site "https://www.chess.com"]

[Event "Titled Tuesday Blitz November 08 Early 2022"]
[White "Kosakowski, Jakub"]
[Black "Forgacs, Attila Jr."]
[WhiteFideId "1185080"]
[BlackFideId "773654"]
[WhiteElo "2463"]
[BlackElo "2168"]
[Result "1-0"]
[Round "01"]
[TimeControl "180+1"]
[Date "2022.11.09"]
[WhiteClock "0:01:17"]
[BlackClock "0:01:15"]

1. e4 e5 2. Nf3 Nc6 3. Bb5 a6 4. Ba4 Nf6 5. O-O Be7 6. Re1 b5 7. Bb3 O-O 8. c3 d5 9. exd5 Nxd5 10. Nxe5 Nxe5 11. Rxe5 c6 12. d3 Bd6 13. Re1 Qh4 14. g3 Qh3 15. Re4 Qf5 16. Nd2 Qg6 17. Nf3 f5 18. Ne5 Qf6 19. Nxc6 fxe4 20. Bxd5+ Kh8 21. Be3 exd3 22. Qxd3 Bf5 23. Be4 Bxe4 24. Qxe4 Rae8 25. Qg2 Bxg3 26. hxg3 Re6 27. Nd4 Rd6 28. Re1 b4 29. Bf4 Rb6 30. Qd5 bxc3 31. bxc3 Rb2 32. Re6 Qf7 33. Qe4 Rxa2 34. Kg2 a5 35. Re7 Qg6 36. Qxg6 hxg6 37. Ne6 Re2 38. Nxf8 Rxe7 39. Nxg6+ 1-0


[Site "https://www.chess.com"]

[Event "Titled Tuesday Blitz November 08 Early 2022"]
[White "Kostiukov, Alexandr"]
[Black "Kozak, Antoni"]
[WhiteFideId "14108100"]
[BlackFideId "21832030"]
[WhiteElo "2202"]
[BlackElo "2447"]
[Result "1-0"]
[Round "01"]
[TimeControl "180+1"]
[Date "2022.11.09"]
[WhiteClock "0:00:29"]
[BlackClock "0:00:07"]

1. g3 d5 2. Bg2 e5 3. c4 dxc4 4. Qa4+ Bd7 5. Qxc4 Nc6 6. Nf3 Bd6 7. O-O Nf6 8. Nc3 O-O 9. d4 Qe7 10. Bg5 exd4 11. Nd5 Qe6 12. Bxf6 gxf6 13. Nxd4 Nxd4 14. Qxd4 Be5 15. Qb4 Kg7 16. Rad1 Rfd8 17. e4 a5 18. Qa3 c6 19. Ne3 Qe8 20. Rd2 Be6 21. Rfd1 Rxd2 22. Rxd2 Rd8 23. Qxa5 Ra8 24. Qb4 Rxa2 25. f4 Ra1+ 26. Kf2 Bb8 27. Qxb7 Ba7 28. Ke2 Qf8 29. Qxc6 Qb8 30. Qc3 Qb5+ 31. Kf3 Rg1 32. f5 Bc8 33. Kg4 Qb7 34. e5 fxe5 35. Qxe5+ f6 36. Qd5 Qf7 37. Qxf7+ Kxf7 38. Bd5+ Kg7 39. Nc4 Rf1 40. Be6 Ba6 41. Rd7+ Kh6 42. Nd6 Bg1 43. Nf7+ Kg7 44. Ng5+ Kf8 45. Rf7+ Ke8 46. Nxh7 Be2+ 47. Kh4 Rf2 48. Nxf6+ Kd8 49. Rd7+ Kc8 50. Rd1+ Kb8 51. Rxg1 Rxh2+ 52. Kg5 Bd3 53. Kg6 Rxb2 54. g4 Kc7 55. g5 Kd6 56. Rd1 Ke7 57. Rxd3 Kf8 58. Rd8+ Ke7 59. Rd7+ Kf8 60. Rf7# 1-0


[Site "https://www.chess.com"]

[Event "Titled Tuesday Blitz November 08 Early 2022"]
[White "Kouskoutis, Georgios-Alexandros"]
[Black "Butolo, Alexandru-Mircea"]
[WhiteFideId "4234049"]
[BlackFideId "1261649"]
[WhiteElo "2187"]
[BlackElo "1897"]
[Result "1-0"]
[Round "01"]
[TimeControl "180+1"]
[Date "2022.11.09"]
[WhiteClock "0:00:07"]
[BlackClock "0:00:02"]

1. c4 Nf6 2. g3 c6 3. Bg2 d5 4. Nf3 g6 5. b3 Bg7 6. Bb2 O-O 7. O-O Nbd7 8. d3 Re8 9. Nc3 e5 10. cxd5 cxd5 11. e4 d4 12. Ne2 Nc5 13. b4 Ncd7 14. Nd2 b5 15. a4 Ba6 16. a5 Bb7 17. Nb3 Qe7 18. Qd2 Rec8 19. a6 Bc6 20. Na5 Nb8 21. Rfc1 Bf8 22. Bh3 Nfd7 23. f4 Rc7 24. Bxd7 Qxd7 25. fxe5 Nxa6 26. e6 Qxe6 27. Nxd4 Qd6 28. Naxc6 1-0


[Site "https://www.chess.com"]

[Event "Titled Tuesday Blitz November 08 Early 2022"]
[White "Kovalev, Vladislav"]
[Black "Levitan, Caleb Levi"]
[WhiteFideId "13504398"]
[BlackFideId "14332620"]
[WhiteElo "2556"]
[BlackElo "1963"]
[Result "1-0"]
[Round "01"]
[TimeControl "180+1"]
[Date "2022.11.09"]
[WhiteClock "0:00:46"]
[BlackClock "0:00:11"]

1. e4 c5 2. Be2 Nc6 3. d3 g6 4. f4 Bg7 5. Nf3 e6 6. c3 d5 7. Be3 b6 8. O-O Nge7 9. Qc2 O-O 10. Nbd2 Bb7 11. Rad1 Rc8 12. Rfe1 Qd7 13. Bf1 Rfd8 14. Bf2 Qc7 15. g3 a5 16. a4 Rd7 17. e5 d4 18. c4 Nb4 19. Qb1 Nf5 20. Ne4 Bxe4 21. dxe4 Ne7 22. Re2 Rcd8 23. Be1 Nec6 24. Rg2 d3 25. Bc3 Nc2 26. Qc1 N6b4 27. Qd2 Qc6 28. Bxb4 Nxb4 29. b3 Qxe4 30. Rf2 Nc2 31. Bg2 Qe3 32. Ng5 Qxd2 33. Rfxd2 Ne3 34. Re1 Nxg2 35. Kxg2 h6 36. Ne4 Kf8 37. Kf3 Ke7 38. Red1 f5 39. Nf2 g5 40. Rxd3 g4+ 41. Ke3 Rxd3+ 42. Nxd3 Bf8 43. Rh1 Rd7 44. h3 h5 45. hxg4 hxg4 46. Ne1 Ke8 47. Nc2 Rd8 48. Na3 Rd4 49. Nb5 Re4+ 50. Kd3 Ke7 51. Nd6 Kd7 52. Nxe4 fxe4+ 53. Kxe4 Kc6 54. Rh7 b5 55. cxb5+ Kb6 56. Kd3 c4+ 57. Kxc4 Be7 58. f5 Bd6 59. exd6 exf5 60. d7 f4 61. d8=Q# 1-0


[Site "https://www.chess.com"]

[Event "Titled Tuesday Blitz November 08 Early 2022"]
[White "Koziorowicz, Michal"]
[Black "Jarocka, Liwia"]
[WhiteFideId "21809194"]
[BlackFideId "21807558"]
[WhiteElo "2174"]
[BlackElo "1989"]
[Result "1-0"]
[Round "01"]
[TimeControl "180+1"]
[Date "2022.11.09"]
[WhiteClock "0:02:00"]
[BlackClock "0:00:15"]

1. c3 h5 2. Qa4 g6 3. d4 Bg7 4. Nf3 a5 5. e4 b6 6. Bg5 Bb7 7. Nbd2 Nf6 8. Bd3 O-O 9. O-O c5 10. Rfe1 d6 11. Rad1 Bc6 12. Qc2 Na6 13. e5 dxe5 14. dxe5 Nd5 15. Nf1 Qc7 16. Ng3 e6 17. Qe2 Qb7 18. Nh4 b5 19. Nxh5 gxh5 20. Qxh5 f5 21. exf6 Nxf6 22. Bxf6 Rxf6 23. Bh7+ Kf8 24. Ng6+ Rxg6 25. Qxg6 Bxg2 26. Qxg2 Qxg2+ 27. Kxg2 b4 28. Rxe6 bxc3 29. bxc3 Bxc3 30. Rd7 Bd4 31. Rg6 Ke8 32. Rb7 1-0


[Site "https://www.chess.com"]

[Event "Titled Tuesday Blitz November 08 Early 2022"]
[White "Ladan, Nicholas"]
[Black "Dubov, Daniil"]
[WhiteFideId "30918855"]
[BlackFideId "24126055"]
[WhiteElo "2167"]
[BlackElo "2791"]
[Result "0-1"]
[Round "01"]
[TimeControl "180+1"]
[Date "2022.11.08"]
[WhiteClock "0:00:02"]
[BlackClock "0:00:18"]

1. d4 c5 2. d5 b5 3. c4 Nf6 4. Qc2 b4 5. e4 d6 6. Bd3 g6 7. Ne2 Bg7 8. O-O O-O 9. Nd2 a5 10. f4 e6 11. Nf3 exd5 12. cxd5 Nbd7 13. Ng3 Re8 14. Bd2 c4 15. Bxc4 Nc5 16. Rae1 Nfxe4 17. Nxe4 Bf5 18. Nfg5 Nxe4 19. Nxe4 Qb6+ 20. Kh1 Qd4 21. Bd3 Rac8 22. Qb1 Bxe4 23. Bxe4 Qxd2 24. f5 Qg5 25. fxg6 hxg6 26. Qd3 Bxb2 27. Qa6 Be5 28. Qa7 Re7 29. Qf2 Rce8 30. Bf3 Kg7 31. g3 Bc3 32. Rxe7 Rxe7 33. Bg2 a4 34. Qc2 Ra7 35. Qd3 Bf6 36. h4 Qe5 37. Kh2 b3 38. axb3 a3 39. h5 Qxh5+ 0-1


[Site "https://www.chess.com"]

[Event "Titled Tuesday Blitz November 08 Early 2022"]
[White "Lawson, Eric"]
[Black "Kovalenko, Igor"]
[WhiteFideId "2604116"]
[BlackFideId "14117908"]
[WhiteElo "2490"]
[BlackElo "2574"]
[Result "1-0"]
[Round "01"]
[TimeControl "180+1"]
[Date "2022.11.09"]
[WhiteClock "0:00:51"]
[BlackClock "0:01:34"]

1. e4 c5 2. Nf3 e6 3. g3 Nc6 4. Bg2 Nf6 5. Nc3 e5 6. O-O Be7 7. d3 O-O 8. Re1 d6 9. h3 h6 10. a3 Be6 11. Rb1 Qd7 12. Kh2 a5 13. Bd2 a4 14. Ng1 Rfb8 15. Nd5 b5 16. c3 Bd8 17. f4 exf4 18. gxf4 Bxd5 19. exd5 Ne7 20. c4 bxc4 21. dxc4 Ng6 22. Ne2 Nh7 23. Nc3 Bh4 24. Rf1 Bf6 25. Nb5 Nh4 26. Be4 Nf8 27. Qg4 Qd8 28. Rg1 Nhg6 29. Rg3 Kh8 30. Kh1 Rb7 31. Qh5 Re7 32. Bd3 Qd7 33. Rbg1 Rae8 34. f5 Re2 35. Bxh6 gxh6 36. Qxh6+ Kg8 37. fxg6 R8e4 38. Bxe2 Rxe2 39. gxf7+ Kxf7 40. Qh5+ Ke7 41. Qxe2+ Kd8 42. Qg4 1-0


[Site "https://www.chess.com"]

[Event "Titled Tuesday Blitz November 08 Early 2022"]
[White "Le, Tuan Minh"]
[Black "Zaragatski, Ilja"]
[WhiteFideId "12401153"]
[BlackFideId "4655192"]
[WhiteElo "2530"]
[BlackElo "2460"]
[Result "1-0"]
[Round "01"]
[TimeControl "180+1"]
[Date "2022.11.08"]
[WhiteClock "0:00:12"]
[BlackClock "0:00:02"]

1. d4 Nf6 2. Nf3 c5 3. c3 e6 4. Bf4 Qb6 5. Qc2 Nc6 6. e3 d6 7. Nbd2 d5 8. Bd3 Bd7 9. O-O Rc8 10. Qb1 Be7 11. Ne5 Nxe5 12. Bxe5 Bb5 13. dxc5 Qxc5 14. Nb3 Qb6 15. Rd1 Bxd3 16. Qxd3 O-O 17. Rab1 Rc4 18. Nd2 Rc6 19. h3 Rfc8 20. a3 h6 21. Nf3 Nd7 22. Bd4 Qa6 23. Qc2 Nc5 24. Bxc5 Rxc5 25. e4 dxe4 26. Qxe4 Qc6 27. Qe3 a6 28. Rd3 Rd5 29. Rbd1 Rcd8 30. Ne1 Bc5 31. Qf3 Rxd3 32. Rxd3 Rxd3 33. Qxc6 bxc6 34. Nxd3 Bd6 35. f3 a5 36. a4 Kf8 37. b4 axb4 38. cxb4 Ke7 39. Kf2 e5 40. Ke3 f5 41. g4 g6 42. a5 Bb8 43. Ke2 Kd6 44. h4 Kd5 45. h5 gxh5 46. gxf5 e4 47. fxe4+ Kxe4 48. f6 1-0


[Site "https://www.chess.com"]

[Event "Titled Tuesday Blitz November 08 Early 2022"]
[White "Lehtosaari, Mauri"]
[Black "Xiong, Jeffery"]
[WhiteFideId "501999"]
[BlackFideId "2047640"]
[WhiteElo "2506"]
[BlackElo "2725"]
[Result "0-1"]
[Round "01"]
[TimeControl "180+1"]
[Date "2022.11.08"]
[WhiteClock "0:00:01"]
[BlackClock "0:00:06"]

1. d4 c5 2. e3 Na6 3. Nf3 Nf6 4. c4 cxd4 5. exd4 d5 6. Nc3 Nc7 7. h3 g6 8. Be3 Bg7 9. Be2 O-O 10. O-O dxc4 11. Bxc4 Nfd5 12. Bg5 h6 13. Bh4 Be6 14. Bb3 Rc8 15. Rc1 Nf4 16. Bc2 Ncd5 17. Qd2 Qd7 18. Bg3 Nxc3 19. bxc3 Nd5 20. Bb3 Nb6 21. Rfe1 Nc4 22. Qe2 Rfe8 23. Ne5 Nxe5 24. Bxe5 Bxe5 25. Qxe5 Bc4 26. Re3 b5 27. Rg3 a6 28. Re1 Rc6 29. Qf4 Kg7 30. h4 Rf6 31. Qd2 Rc8 32. h5 g5 33. Bc2 Qd6 34. Bb1 Be6 35. Rge3 Qf4 36. Qe2 Bg4 37. f3 Be6 38. Re5 Rxc3 39. Qb2 Qxd4+ 40. Kh2 Qh4+ 41. Kg1 Qd4+ 42. Kh2 b4 43. Qe2 Qh4+ 44. Kg1 Qd4+ 45. Kh2 Bc4 46. Qb2 Qh4+ 47. Kg1 Qd4+ 48. Kh2 e6 49. R5e4 Qd6+ 50. Kg1 a5 51. Qf2 Bd5 52. R4e2 Qc5 53. Re3 Rxe3 54. Rxe3 Qd4 55. Kh2 Qh4+ 56. Qxh4 gxh4 57. Kh3 Rf4 58. Re5 Kf6 59. Re2 Rd4 60. Rc2 Rd1 61. Rb2 Kg5 62. Kh2 Kf4 63. Bh7 Ke3 64. Bg8 Rd2 0-1


[Site "https://www.chess.com"]

[Event "Titled Tuesday Blitz November 08 Early 2022"]
[White "Levine, David"]
[Black "Aizpurua, Patrick Emilio"]
[WhiteFideId "2011611"]
[BlackFideId "6600522"]
[WhiteElo "2182"]
[BlackElo "2378"]
[Result "0-1"]
[Round "01"]
[TimeControl "180+1"]
[Date "2022.11.09"]
[WhiteClock "0:00:04"]
[BlackClock "0:00:15"]

1. d4 Nf6 2. c4 d6 3. g3 Nbd7 4. Nf3 g6 5. Bg2 Bg7 6. O-O O-O 7. Nc3 a6 8. a4 c5 9. d5 Rb8 10. e4 Ne8 11. Qc2 Nc7 12. a5 b5 13. axb6 Rxb6 14. Ra2 Ne5 15. Nxe5 Bxe5 16. Bh6 Re8 17. f4 Bd4+ 18. Kh1 e6 19. Bg5 Qd7 20. f5 exf5 21. exf5 f6 22. Bd2 gxf5 23. Bh3 Qf7 24. Bxf5 Bxf5 25. Qxf5 Re7 26. Ne4 Ne8 27. Bc3 Bxc3 28. Nxc3 Qg6 29. Qf3 Kg7 30. Ne2 Qe4 31. Nf4 Qxf3+ 32. Rxf3 Re1+ 33. Kg2 Re4 34. Ne6+ Kg6 35. b3 Re1 36. Rf1 Rxf1 37. Kxf1 Ng7 38. Nf4+ Kf7 39. Ra3 Nf5 40. Kg2 Nd4 41. Kh3 Nxb3 42. Kg4 Nd2 0-1


[Site "https://www.chess.com"]

[Event "Titled Tuesday Blitz November 08 Early 2022"]
[White "Lewtak, Damian"]
[Black "Roque Sola, Jose Luis"]
[WhiteFideId "1141724"]
[BlackFideId "5120390"]
[WhiteElo "2329"]
[BlackElo "2117"]
[Result "1-0"]
[Round "01"]
[TimeControl "180+1"]
[Date "2022.11.09"]
[WhiteClock "0:00:33"]
[BlackClock "0:00:05"]

1. b3 Nf6 2. Bb2 g6 3. g3 Bg7 4. Bg2 d5 5. e3 c6 6. Nf3 O-O 7. O-O Nbd7 8. c4 Re8 9. Ne5 Nxe5 10. Bxe5 Bf5 11. d4 Qd7 12. Nd2 Bh3 13. Bxf6 Bxf6 14. Bxh3 Qxh3 15. cxd5 cxd5 16. Rc1 Rac8 17. Qf3 Qd7 18. Qe2 e6 19. Qd3 Rc6 20. b4 Rec8 21. Nb3 Rxc1 22. Rxc1 Rxc1+ 23. Nxc1 Qa4 24. Qb3 Qc6 25. Nd3 b6 26. b5 Qc7 27. Kf1 Be7 28. Ke2 h5 29. h4 Kg7 30. Kd2 Bd6 31. a4 Qc8 32. Qc2 Qb8 33. Qc6 Bxg3 34. fxg3 Qxg3 35. Qd7 Qg2+ 36. Kc3 Qa2 37. Qxa7 Qa3+ 38. Kd2 Qa2+ 39. Kc1 Qa1+ 40. Kc2 1-0


[Site "https://www.chess.com"]

[Event "Titled Tuesday Blitz November 08 Early 2022"]
[White "Liang, Awonder"]
[Black "Ristic, Nebojsa B"]
[WhiteFideId "2056437"]
[BlackFideId "935468"]
[WhiteElo "2508"]
[BlackElo "2320"]
[Result "0-1"]
[Round "01"]
[TimeControl "180+1"]
[Date "2022.11.08"]
[WhiteClock "0:01:27"]
[BlackClock "0:00:34"]

1. e4 Nc6 2. Nf3 d6 3. d4 Nf6 4. Nc3 g6 5. h3 Bg7 6. Be3 O-O 7. Qd2 a6 8. Bh6 b5 9. Bd3 e5 10. d5 Na5 11. Bxg7 Kxg7 12. O-O-O Bd7 13. g4 Nc4 14. Bxc4 bxc4 15. Qe2 Bb5 16. Nd2 c5 17. h4 h5 18. f3 Rb8 19. a4 Bd7 20. g5 Ne8 21. Nxc4 Rb4 22. b3 f5 23. Qd3 Qc7 24. Rhe1 f4 25. Kb2 Kf7 26. Ra1 Ke7 27. Reb1 Ng7 28. Kc1 Rfb8 29. Kd2 Bc8 30. a5 Bd7 31. Nb6 Rd4 32. Ne2 Rxd3+ 33. Kxd3 Rxb6 34. axb6 Qxb6 35. c4 Ne8 36. Kc2 Nc7 37. Nc1 a5 38. Ra3 Qb4 39. Rba1 a4 40. bxa4 Qxc4+ 41. Rc3 Bxa4+ 42. Kd2 Qd4+ 43. Nd3 Nb5 0-1


[Site "https://www.chess.com"]

[Event "Titled Tuesday Blitz November 08 Early 2022"]
[White "Liyanage, Ranindu Dilshan"]
[Black "Rosenberg, Evan S"]
[WhiteFideId "9915834"]
[BlackFideId "2019299"]
[WhiteElo "2210"]
[BlackElo "2374"]
[Result "1-0"]
[Round "01"]
[TimeControl "180+1"]
[Date "2022.11.09"]
[WhiteClock "0:00:59"]
[BlackClock "0:00:08"]

1. d4 d5 2. c4 e6 3. Nf3 c5 4. cxd5 exd5 5. g3 Nf6 6. Bg2 Be7 7. O-O O-O 8. Nc3 Nc6 9. Bg5 c4 10. Ne5 Be6 11. Nxc6 bxc6 12. Qa4 Bd7 13. Rad1 h6 14. Bxf6 Bxf6 15. e4 c5 16. Qa6 cxd4 17. Nxd5 c3 18. bxc3 Rb8 19. Nxf6+ gxf6 20. Rxd4 Bb5 21. Qxa7 Qc8 22. Rc1 Ra8 23. Qb6 Qc6 24. Qxc6 Bxc6 25. Rd6 Rfc8 26. Rxc6 Rxc6 27. e5 Rac8 28. Bxc6 Rxc6 29. exf6 Rxf6 30. a4 Ra6 31. Ra1 f5 32. Kf1 Kf7 33. Ke2 Ke6 34. Kd3 Kd5 35. a5 Kc5 36. Ra4 Kb5 37. Rf4 Rd6+ 38. Kc2 Rf6 39. g4 1-0


[Site "https://www.chess.com"]

[Event "Titled Tuesday Blitz November 08 Early 2022"]
[White "Luxama, Jacques Muller"]
[Black "Gurevich, Dmitry"]
[WhiteFideId "11900113"]
[BlackFideId "2000407"]
[WhiteElo "1931"]
[BlackElo "2506"]
[Result "0-1"]
[Round "01"]
[TimeControl "180+1"]
[Date "2022.11.09"]
[WhiteClock "0:00:28"]
[BlackClock "0:00:39"]

1. d4 Nf6 2. c4 a6 3. Nc3 c5 4. dxc5 e6 5. Nf3 Bxc5 6. e3 O-O 7. Be2 b6 8. O-O Bb7 9. a3 Qc7 10. b4 Be7 11. Bb2 d6 12. Rc1 Nbd7 13. Qb3 Rac8 14. Rfd1 Qb8 15. h3 Rfe8 16. Rc2 Nf8 17. Rcd2 Red8 18. Na4 Ba8 19. Nd4 Ng6 20. Bf3 Bxf3 21. Nxf3 b5 22. cxb5 axb5 23. Nc3 d5 24. Nd4 Ne4 25. Nxe4 dxe4 26. g3 Ne5 27. Kg2 Bf6 28. Ne2 Nc4 29. Rxd8+ Rxd8 30. Bxf6 gxf6 31. Nc3 Rxd1 32. Nxd1 Qd6 33. Nc3 Qd3 34. g4 f5 35. gxf5 exf5 36. h4 Nd2 37. Qb2 f4 38. Nxb5 Qf1+ 39. Kh2 Nf3# 0-1


[Site "https://www.chess.com"]

[Event "Titled Tuesday Blitz November 08 Early 2022"]
[White "Madaminov, Mukhiddin"]
[Black "Dudzinski, Pawel"]
[WhiteFideId "14210703"]
[BlackFideId "1117890"]
[WhiteElo "2341"]
[BlackElo "2086"]
[Result "1-0"]
[Round "01"]
[TimeControl "180+1"]
[Date "2022.11.09"]
[WhiteClock "0:00:46"]
[BlackClock "0:00:28"]

1. d4 f5 2. Bg5 g6 3. h4 Bg7 4. e3 d6 5. Bc4 h6 6. Bf4 e5 7. dxe5 dxe5 8. Qxd8+ Kxd8 9. Bh2 Ke7 10. Nc3 c6 11. Nf3 Nd7 12. a4 e4 13. Nd4 Nb6 14. Bb3 Bxd4 15. exd4 Be6 16. a5 Bxb3 17. axb6 Bxc2 18. Rxa7 Nf6 19. Kd2 Bd3 20. Rxb7+ Ke6 21. Rc1 Ng4 22. Bg3 g5 23. f3 f4 24. Nxe4 Bxe4 25. fxe4 fxg3 26. Rxc6# 1-0


[Site "https://www.chess.com"]

[Event "Titled Tuesday Blitz November 08 Early 2022"]
[White "Maghsoodloo, Parham"]
[Black "Ibadov, Dashgyn"]
[WhiteFideId "12539929"]
[BlackFideId "24107514"]
[WhiteElo "2676"]
[BlackElo "2208"]
[Result "1-0"]
[Round "01"]
[TimeControl "180+1"]
[Date "2022.11.08"]
[WhiteClock "0:01:51"]
[BlackClock "0:00:01"]

1. e4 e6 2. d4 d5 3. e5 c5 4. c3 Qb6 5. Nf3 Nc6 6. a3 Nh6 7. Bd3 cxd4 8. cxd4 Nf5 9. Bxf5 exf5 10. Nc3 Be6 11. b4 Be7 12. Bb2 g5 13. Na4 Qb5 14. Nc3 Qb6 15. Rc1 g4 16. Na4 Qb5 17. Nd2 h5 18. Nc5 h4 19. a4 Qxb4 20. Bc3 Qa3 21. Nxb7 h3 22. g3 Rb8 23. Nd6+ Bxd6 24. exd6 Qxd6 25. O-O Kf8 26. Nb3 Kg7 27. Bd2 Qa3 28. Nc5 Rbc8 29. Rc3 Qb2 30. Rb3 Qa2 31. Re1 Kg6 32. Bf4 Rhe8 33. Be3 a5 34. Re2 Qxe2 35. Qxe2 Nb4 36. Qd2 Rxc5 37. dxc5 d4 38. Rb1 dxe3 39. Qxe3 Rd8 40. Qe5 Rd2 41. Qc7 Nd3 42. Rf1 Bc4 43. Qxa5 Re2 44. Qc3 Ne5 45. c6 Nf3+ 46. Kh1 Re4 47. c7 1-0


[Site "https://www.chess.com"]

[Event "Titled Tuesday Blitz November 08 Early 2022"]
[White "Maksimovic, Bojan"]
[Black "Lucas, Arthur"]
[WhiteFideId "14408120"]
[BlackFideId "26093073"]
[WhiteElo "2447"]
[BlackElo "2251"]
[Result "0-1"]
[Round "01"]
[TimeControl "180+1"]
[Date "2022.11.09"]
[WhiteClock "0:00:19"]
[BlackClock "0:01:12"]

1. e4 e5 2. Nc3 Nf6 3. f4 d5 4. fxe5 Nxe4 5. Qf3 Nc6 6. Bb5 Nxc3 7. dxc3 Qh4+ 8. g3 Qe4+ 9. Qxe4 dxe4 10. Ne2 Bd7 11. Bxc6 Bxc6 12. Be3 Be7 13. O-O-O O-O 14. Nd4 Bc5 15. Rhe1 Bxd4 16. cxd4 Bd5 17. Kd2 b5 18. b3 b4 19. c4 bxc3+ 20. Kxc3 a5 21. Kb2 Rfb8 22. Rc1 c6 23. Bd2 Rb5 24. Re3 Kf8 25. Rec3 a4 26. Rc5 axb3 27. Rxb5 Rxa2+ 28. Kb1 cxb5 29. Rc5 Rxd2 30. Rxd5 e3 0-1


[Site "https://www.chess.com"]

[Event "Titled Tuesday Blitz November 08 Early 2022"]
[White "Matinian, Nikita"]
[Black "Seletsky, Grigory"]
[WhiteFideId "24129100"]
[BlackFideId "14112191"]
[WhiteElo "2422"]
[BlackElo "2492"]
[Result "1-0"]
[Round "01"]
[TimeControl "180+1"]
[Date "2022.11.09"]
[WhiteClock "0:00:52"]
[BlackClock "0:00:01"]

1. e4 e6 2. d4 d5 3. Nc3 Nc6 4. Nf3 Nf6 5. e5 Nd7 6. h4 f6 7. exf6 Nxf6 8. Bb5 Bd6 9. Bg5 O-O 10. Qe2 h6 11. O-O-O a6 12. Bxc6 bxc6 13. Bd2 c5 14. g4 cxd4 15. Nxd4 e5 16. Nf5 Bxf5 17. gxf5 Qd7 18. Rhg1 Kh7 19. Qf3 e4 20. Qg2 Qf7 21. Bg5 c6 22. Bxf6 Qxf6 23. Nxe4 Bf4+ 24. Nd2 Rae8 25. Qg6+ Qxg6 26. fxg6+ Kg8 27. Rde1 Bxd2+ 28. Kxd2 Rxf2+ 29. Kd3 Kf8 30. Rgf1 Re2 31. Rxe2 Rxf1 32. Re6 c5 33. Rxa6 Rf3+ 34. Kd2 Rg3 35. Rc6 c4 36. a4 d4 37. Rxc4 Rxg6 38. Rxd4 Ra6 39. b3 Kf7 40. c4 Kf6 41. Kc3 Ke5 42. c5 Rf6 43. Kc4 Rf1 44. Rd5+ Ke4 45. Rd7 1-0


[Site "https://www.chess.com"]

[Event "Titled Tuesday Blitz November 08 Early 2022"]
[White "Matlakov, Maxim"]
[Black "Manukyan, Sargis A."]
[WhiteFideId "4168003"]
[BlackFideId "13303970"]
[WhiteElo "2669"]
[BlackElo "2187"]
[Result "1/2-1/2"]
[Round "01"]
[TimeControl "180+1"]
[Date "2022.11.08"]
[WhiteClock "0:00:03"]
[BlackClock "0:00:10"]

1. Nf3 Nf6 2. g3 c5 3. Bg2 Nc6 4. O-O g6 5. d4 cxd4 6. Nxd4 Bg7 7. c4 O-O 8. Nc3 Ng4 9. e3 d6 10. b3 Nxd4 11. exd4 Nh6 12. Bb2 Rb8 13. Rc1 a6 14. a4 Nf5 15. Ne2 b5 16. axb5 axb5 17. c5 dxc5 18. Rxc5 Nd6 19. Qd2 Bb7 20. d5 Bxb2 21. Qxb2 Qb6 22. b4 Rfd8 23. Nc3 Rbc8 24. Rxc8 Rxc8 25. Qd2 Rc4 26. Re1 Qc7 27. Ne4 Nxe4 28. Bxe4 Qd6 29. Bf3 Rxb4 30. h4 h5 31. Qg5 Rd4 32. Rxe7 Bxd5 33. Re8+ Kg7 34. Rd8 Bxf3 35. Rxd6 Rxd6 36. Qe5+ Rf6 37. Qxb5 Re6 38. Qb4 Bc6 39. Qc3+ Kg8 40. f3 Kf8 41. g4 hxg4 42. fxg4 Kg8 43. Kh2 Be4 44. Kg3 Bb1 45. Kf4 Kh7 46. Qc7 Kg7 47. Kg3 Be4 48. Qc3+ Kh7 49. Qd4 Bc6 50. Kf2 Re4 51. Qd6 Rxg4 52. Qxc6 Rxh4 53. Qd7 Kg7 54. Qe7 Rh5 55. Kg3 Rf5 56. Qd7 Rh5 57. Qc7 Rf5 58. Qc3+ Kg8 59. Qc1 Kg7 60. Kg4 Rh5 61. Qb2+ Kg8 62. Qb7 Rf5 63. Qc7 Kg7 64. Qd7 Kg8 65. Qd4 Kh7 66. Qd7 Kg8 67. Kg3 Kg7 68. Qc7 Kg8 69. Qa7 Kg7 70. Kg4 Kg8 71. Qb8+ 1/2-1/2


[Site "https://www.chess.com"]

[Event "Titled Tuesday Blitz November 08 Early 2022"]
[White "Matveeva, Olga"]
[Black "Kowalczyk, Pawel"]
[WhiteFideId "24107018"]
[BlackFideId "1130641"]
[WhiteElo "2055"]
[BlackElo "2324"]
[Result "0-1"]
[Round "01"]
[TimeControl "180+1"]
[Date "2022.11.09"]
[WhiteClock "0:00:49"]
[BlackClock "0:01:52"]

1. d4 Nf6 2. c4 c5 3. d5 b5 4. cxb5 a6 5. bxa6 Bxa6 6. Nc3 d6 7. g3 g6 8. Bg2 Bg7 9. Nf3 O-O 10. O-O Nbd7 11. Rb1 Qb6 12. b3 Rfb8 13. Qc2 Bb7 14. Rd1 Qa6 15. Bb2 Nb6 16. Ne1 Nfd7 17. e4 Qa5 18. Qd2 c4 19. Nc2 cxb3 20. axb3 Nc8 21. b4 Qb6 22. Ra1 Ne5 23. Qe2 Ba6 24. b5 Bb7 25. Nd4 Rxa1 26. Rxa1 Qxd4 27. Na4 Qc4 28. Qd2 Ra8 29. Bf1 Qb3 0-1


[Site "https://www.chess.com"]

[Event "Titled Tuesday Blitz November 08 Early 2022"]
[White "Mazurkiewicz, Michal"]
[Black "Ozen, Bahadir"]
[WhiteFideId "1124943"]
[BlackFideId "6337058"]
[WhiteElo "2063"]
[BlackElo "2503"]
[Result "0-1"]
[Round "01"]
[TimeControl "180+1"]
[Date "2022.11.09"]
[WhiteClock "0:00:01"]
[BlackClock "0:01:27"]

1. e4 g6 2. g3 Bg7 3. Bg2 d6 4. Nf3 Nf6 5. d3 O-O 6. O-O e5 7. Re1 c6 8. c3 Nbd7 9. b4 b5 10. a4 Bb7 11. Nbd2 a5 12. axb5 cxb5 13. Nb3 axb4 14. Rxa8 Bxa8 15. cxb4 Re8 16. h3 d5 17. Bg5 h6 18. Bxf6 Nxf6 19. Nc5 dxe4 20. dxe4 Qxd1 21. Rxd1 Nxe4 22. Nd7 Nc3 23. Re1 e4 24. Nd2 f5 25. Nb3 Bd5 26. Nbc5 Bc4 27. Nb6 Bf7 28. Bf1 Rd8 29. Nbd7 h5 30. h4 Bd4 31. Rc1 Be8 32. Nb6 Bf7 33. Nbd7 Kg7 34. Nb6 e3 0-1


[Site "https://www.chess.com"]